Selects Airborne Battlegroup
Selects Heavy Machine Gun Paradrop
Heavy Machine Gun Paradrop
Heavy Machine Gun Paradrop
Selects Paratrooper Squad Paradrop
Paratrooper Squad Paradrop
Mechanized Support Center
Paratrooper Squad Paradrop
Construct Weapon Support Center
M3 Armored Personnel Carrier
Construct Medical Station
Designate Forward Repair Station
Paratrooper Squad Paradrop
Designate Forward Repair Station
Selects Carpet Bombing Run